 Dungeon Sprint DCSS version 0.20.1-1-g8b1a95d (webtiles) character file.

1002 Snowbourne the Unseen (level 8, -10/36 HPs)
             Began as a Spriggan Enchanter on Sept 14, 2017.
             Was an Initiate of Dithmenos.
             Killed by an exploding ballistomycete spore (19 damage)
             ... in the Dungeon (Sprint I: "Red Sonja").
             The game lasted 00:02:01 (522 turns).

Snowbourne the Unseen (Spriggan Enchanter)           Turns: 522, Time: 00:02:02

Health: -10/36     AC:  2    Str:  4    XL:     8   Next: 0%
Magic:  19/19      EV: 27    Int: 17    God:    Dithmenos [......]
Gold:   405        SH:  0    Dex: 18    Spells: 8/20 levels left

rFire    . . .     SeeInvis +   a - +1 dagger
rCold    . . .     Gourm    .   (shield restricted)
rNeg     . . .     Faith    .   b - +0 robe
rPois    .         Spirit   .   (helmet restricted)
rElec    .         Reflect  .   (no cloak)
rCorr    .         Harm     .   (gloves unavailable)
MR       +....     NoTele   +   (boots unavailable)
Stlth    ++........             (no amulet)
Regen    0.2/turn               (no ring)
MPRegen  0.2/turn               (no ring)

@: confused, very quick
A: unfitting armour, see invisible, herbivore 3, speed 3, slow metabolism 2
a: Renounce Religion


You were in the Dungeon.
You worshipped Dithmenos.
Dithmenos was noncommittal.
You were not hungry.

You visited 1 branch You collected 405 gold pieces.

Inventory:

Hand Weapons
 a - a +1 dagger (weapon)
Armour
 b - a +0 robe (worn)
Wands
 k - a wand of iceblast (7/15)
Scrolls
 f - a scroll of recharging {unknown}
 i - a scroll of remove curse {unknown}
 j - a scroll of blinking
Potions
 e - 3 potions of curing
 g - a potion of haste
 h - 2 potions of magic
Books
 c - a book of Maledictions

   Spells                             Type                      Level
   a - Corona                         Hexes                        1
   b - Ensorcelled Hibernation        Hexes/Ice                    2
   c - Confuse                        Hexes                        3
   d - Tukima's Dance                 Hexes                        3
   e - Dazzling Spray                 Conjuration/Hexes            3
Comestibles
 d - a bread ration


   Skills:
 + Level 8.3 Short Blades
 + Level 10.9 Dodging
 * Level 15.8 Stealth
 - Level 6.7 Spellcasting
 + Level 9.7 Hexes


You had 8 spell levels left.
You knew the following spells:

 Your Spells              Type           Power        Failure   Level  Hunger
a - Corona                Hex            #####..      1%          1    None
b - Confuse               Hex            #####...     1%          3    ##.....
c - Ensorcelled Hibernat  Hex/Ice        ###...       2%          2    None
d - Dazzling Spray        Conj/Hex       ###...       4%          3    ##.....
e - Tukima's Dance        Hex            #####...     1%          3    ##.....


Dungeon Overview and Level Annotations

Branches:
Dungeon (1/1)

Altars:
Cheibriados
Dithmenos
Elyvilon
Fedhas
Gozag
Hepliaklqana
Kikubaaqudgha
Nemelex Xobeh
Okawaru
Qazlal
Ru
Sif Muna
Trog
Uskayaw
Vehumet
Yredelemnul
Zin
The Shining One

Shops:
D ?


Innate Abilities, Weirdness & Mutations

You are very small and have problems with some larger weapons.
You are too small for most types of armour.
You have supernaturally acute eyesight. (SInv)
You are a herbivore.
You cover ground extremely quickly.
You need consume almost no food.


Message History

You now have 378 gold pieces (gained 27).
You now have 405 gold pieces (gained 27).
As you open the door, it creaks loudly! 2 ballistomycete spores come into view.
The ballistomycete spore waves its rhizomes.
A ballistomycete grows in the wake of the ballistomycete spore. x2
The ballistomycete spore explodes!
The explosion of spores engulfs the ballistomycete.
The explosion of spores engulfs you!
You are confused.
Ouch! That really hurt!
* * * LOW HITPOINT WARNING * * *
The explosion of spores engulfs the ballistomycete spore.
The ballistomycete spore explodes!
A fungus suddenly grows.
The explosion of spores engulfs the ballistomycete. x2
The explosion of spores engulfs you!
You are more confused.
Ouch! That really hurt!
You die...

#..#__####..##.#
#..#_____##'#..+
#⌠⌠#_.∩...'..._#
####_..__##_(#'#
#_____###'#.#
#########.###
+...+ #.).#
##@## #'#


P$P $P%($ ####### There were no monsters in sight!

Vanquished Creatures
  Sonja (D)
  Sigmund (D)
  A yak (D)
  An ogre (D)
  A jelly (D)
  Ijyb (D)
6 creatures vanquished.

Notes
Turn   | Place    | Note
-------+----------+-------------------------------------------
     0 | D        | Snowbourne the Spriggan Enchanter began the quest for the Orb.
     0 | D        | Reached XP level 1. HP: 9/9 MP: 5/5
     2 | D        | Noticed Ijyb
    28 | D        | Killed Ijyb
    28 | D        | Reached skill level 6 in Stealth
    28 | D        | Reached XP level 2. HP: 13/13 MP: 6/8
    49 | D        | Noticed an ogre
    56 | D        | Killed an ogre
    56 | D        | Reached skill level 5 in Dodging
    56 | D        | Reached skill level 9 in Stealth
    56 | D        | Reached skill level 5 in Spellcasting
    56 | D        | Reached skill level 5 in Hexes
    56 | D        | Reached XP level 3. HP: 16/16 MP: 8/10
    56 | D        | Reached XP level 4. HP: 21/21 MP: 9/12
    89 | D        | Learned a level 3 spell: Confuse
    92 | D        | Learned a level 2 spell: Ensorcelled Hibernation
    96 | D        | Learned a level 3 spell: Dazzling Spray
   100 | D        | Learned a level 3 spell: Tukima's Dance
   101 | D        | Noticed Sigmund
   103 | D        | Killed Sigmund
   103 | D        | Reached skill level 5 in Short Blades
   103 | D        | Reached skill level 11 in Stealth
   103 | D        | Reached XP level 5. HP: 24/24 MP: 13/15
   116 | D        | Found a deep blue altar of Sif Muna.
   118 | D        | Found a radiant altar of Vehumet.
   129 | D        | Reached skill level 12 in Stealth
   129 | D        | Reached XP level 6. HP: 14/28 MP: 12/16
   158 | D        | Found Anew's Magic Scroll Emporium.
   158 | D        | Found an ancient bone altar of Kikubaaqudgha.
   158 | D        | Found a hazy altar of Hepliaklqana.
   158 | D        | Found a hide-covered altar of Uskayaw.
   158 | D        | Found a basalt altar of Yredelemnul.
   158 | D        | Found an opulent altar of Gozag.
   158 | D        | Found a snail-covered altar of Cheibriados.
   158 | D        | Found a sacrificial altar of Ru.
   158 | D        | Found a shadowy altar of Dithmenos.
   158 | D        | Noticed a yak
   159 | D        | Found a stormy altar of Qazlal.
   159 | D        | Found a blossoming altar of Fedhas.
   159 | D        | Found a bloodstained altar of Trog.
   159 | D        | Found an iron altar of Okawaru.
   159 | D        | Found a glowing golden altar of the Shining One.
   159 | D        | Found a glowing silver altar of Zin.
   159 | D        | Found a white marble altar of Elyvilon.
   160 | D        | Killed a yak
   160 | D        | Reached skill level 13 in Stealth
   161 | D        | Found a sparkling altar of Nemelex Xobeh.
   168 | D        | Became a worshipper of Dithmenos the Shadowed
   292 | D        | Noticed Sonja
   297 | D        | Killed Sonja
   297 | D        | Reached skill level 10 in Dodging
   297 | D        | Reached skill level 15 in Stealth
   297 | D        | Reached XP level 7. HP: 21/32 MP: 14/18
   297 | D        | Reached XP level 8. HP: 23/36 MP: 14/19
   522 | D        | Killed by an exploding ballistomycete spore

Skill      XL: |  1  2  3  4  5  6 |
---------------+-------------------+-----
Short Blades   | 2 4 5 8 |  8.3
Dodging        | 4 5 7 10 | 10.9
Stealth        | 6 9 11 12 15 | 15.8
Spellcasting   | 4 5 6 |  6.7
Hexes          | 4 5 7 9 |  9.7

Action                   |  1- 3 |  4- 6 |  7- 9 || total
-------------------------+-------+-------+-------++-------
Melee: Dagger            |    30 |     6 |       ||    36
 Cast: Confuse           |       |     2 |       ||     2
  Use: Potion            |     2 |       |       ||     2
 Stab: Sleeping          |     1 |     2 |       ||     3
       Confused          |       |     2 |       ||     2
Armor: Robe              |     5 |       |       ||     5
Dodge: Dodged            |    16 |       |       ||    16
